 Seeded DCSS version 0.27.1-34-g3ba077fa99 (webtiles) character file.

Game seed: 15007771747203934154 (custom seed)

265465 hikkokomori the Unseen (level 20, -28/166 HPs)
             Began as a Merfolk Summoner on Feb 3, 2022.
             Was an Initiate of Gozag.
             Annihilated by a white very ugly thing (35 damage)
             ... on level 1 of the Depths on Feb 4, 2022.
             The game lasted 03:52:24 (47044 turns).

hikkokomori the Unseen (Merfolk Summoner)          Turns: 47044, Time: 03:52:25

Health: -28/166    AC: 17    Str: 14    XL:     20   Next: 7%
Magic:  34/34      EV: 21    Int: 28    God:    Gozag
Gold:   2551       SH:  9    Dex: 15    Spells: 3/39 levels left

rFire    + . .     SeeInvis .   p - +10 lance "Wyrmbane" {slay drac, rPois rF+ rC+ AC+3}
rCold    . . .     Faith    .   E - +3 warlock's mirror {reflect}
rNeg     . . .     Spirit   .   t - +0 robe of the Burnt Stag {*Corrode rPois Regen+ Slay+5}
rPois    +         Reflect  +   n - +2 hat "Lyigam" {rPois Will+}
rElec    +         Harm     .   L - +2 cloak {Will+}
rCorr    .         Rampage  +   M - +3 pair of gauntlets of War {Slay+5}
Will     +++++     Rnd*Rage +   v - +2 pair of boots {rampage}
Stlth    +++++++...             y - necklace of Bloodlust {*Rage +Rage Will++ Int-3 Slay+6}
HPRegen  1.37/turn              V - ring "Plog" {rElec rC- Str+4 Int+6 Dex-2}
MPRegen  0.24/turn              q - ring of Yesterday {Wiz Int+4 Dex+2}

@: studying 2 skills
A: (nimble swimmer 2), mertail
}: 2/15 runes: barnacled, gossamer
a: Renounce Religion, Evoke Berserk Rage, Potion Petition, Call Merchant, Bribe
Branch


You were on level 1 of the Depths.
You worshipped Gozag.
Gozag was most pleased with you.
You visited 9 branches of the dungeon, and saw 36 of its levels.
You also visited: Bailey, Gauntlet and Desolation.

You collected 14088 gold pieces.
You spent 4744 gold pieces at shops.
You paid 6793 gold pieces to Gozag.

Inventory:

Hand Weapons
 c - a +2 antimagic demon trident
 d - the +7 falchion "Icsatoe" {spect, rElec Str+3 Int+4}
   (You found it on level 5 of the Lair of Beasts)

   When its wielder attacks, the weapon's spirit leaps out and strikes again.
   The spirit shares a part of any damage it takes with its wielder.
   Str:       It affects your strength (+3).
   Int:       It affects your intelligence (+4).
   rElec:     It insulates you from electricity.
 h - the +10 morningstar "Eos" {elec, Halo rElec}
   (You found it in the Desolation of Salt)

   It occasionally discharges a powerful burst of electricity upon striking a
   foe.
   It grants its wielder a halo, increasing accuracy against those within it.
   rElec:     It insulates you from electricity.
 p - the +10 lance "Wyrmbane" (weapon) {slay drac, rPois rF+ rC+ AC+3}
   (You found it on level 3 of the Dungeon)

   It inflicts extra damage against dragons and draconians.
   AC:        It affects your AC (+3).
   rF:        It protects you from fire.
   rC:        It protects you from cold.
   rPois:     It protects you from poison.
Missiles
 r - 13 throwing nets
Armour
 a - a scarf of resistance
 n - the +2 hat "Lyigam" (worn) {rPois Will+}
   (You acquired it in a bailey)

   rPois:     It protects you from poison.
   Will:      It increases your willpower.
 t - the +0 robe of the Burnt Stag (worn) {*Corrode rPois Regen+ Slay+5}
   (You found it on level 10 of the Dungeon)

   Slay:      It affects your accuracy & damage with ranged weapons and melee
   (+5).
   rPois:     It protects you from poison.
   Regen:     It increases your rate of health regeneration.
   *Corrode:  It may corrode you when you take damage.
 v - a +2 pair of boots of rampaging (worn)
 E - the +3 warlock's mirror (worn) {reflect}
   (You found it on level 6 of the Lair of Beasts)

   It can block and reflect piercing ranged attacks and magical attacks against
   the wielder's willpower.
 H - the +2 shield of Resistance {rF++ rC++ Will++}
   (You took it off a minotaur in a Gauntlet)

   rF:        It greatly protects you from fire.
   rC:        It greatly protects you from cold.
   Will:      It greatly increases your willpower.
 L - a +2 cloak of willpower (worn)
 M - the +3 pair of gauntlets of War (worn) {Slay+5}
   (You acquired it on level 2 of the Orcish Mines)

   Slay:      It affects your accuracy & damage with ranged weapons and melee
   (+5).
 Z - a +2 robe of the Archmagi
Jewellery
 j - a +4 ring of slaying
 l - the ring "Qewkon" {Will+ Int+3}
   (You found it on level 2 of the Spider Nest)

   [ring of willpower]

   Int:       It affects your intelligence (+3).
   Will:      It increases your willpower.
 q - the ring of Yesterday (right hand) {Wiz Int+4 Dex+2}
   (You acquired it on level 10 of the Dungeon)

   [ring of wizardry]

   It improves your spell success rate.
   Int:       It affects your intelligence (+4).
   Dex:       It affects your dexterity (+2).
 y - the necklace of Bloodlust (around neck) {*Rage +Rage Will++ Int-3 Slay+6}
   (You found it in a Gauntlet)

   [amulet of nothing]

   It extends the wearer's berserk rage when killing foes.
   Int:       It affects your intelligence (-3).
   Slay:      It affects your accuracy & damage with ranged weapons and melee
   (+6).
   +Rage:     It lets you go berserk.
   *Rage:     It may make you go berserk in combat.
   Will:      It greatly increases your willpower.
 G - a ring of resist corrosion
 I - an amulet of reflection
 V - the ring "Plog" (left hand) {rElec rC- Str+4 Int+6 Dex-2}
   (You found it in the Desolation of Salt)

   [ring of intelligence]

   Str:       It affects your strength (+4).
   Int:       It affects your intelligence (+6).
   Dex:       It affects your dexterity (-2).
   rC:        It makes you vulnerable to cold.
   rElec:     It insulates you from electricity.
 Y - the ring "Fyumydav" {Fire Int+3}
   (You bought it in a shop on level 2 of the Orcish Mines)

   [ring of fire]

   It enhances your fire magic.
   Int:       It affects your intelligence (+3).
   rF:        It protects you from fire.
   rC:        It makes you vulnerable to cold.
Wands
 J - a wand of acid (6)
 P - a wand of iceblast (30)
 Q - a wand of digging (6)
 S - a wand of paralysis (16)
Scrolls
 b - 9 scrolls of teleportation
 k - 12 scrolls of identify
 s - 2 scrolls of blinking
 w - 3 scrolls of enchant armour
 A - a scroll of fear
 B - 4 scrolls of fog
 F - 3 scrolls of amnesia
 N - 2 scrolls of holy word
 X - 4 scrolls of magic mapping
Potions
 e - 6 potions of curing
 f - 9 potions of ambrosia
 g - 8 potions of brilliance
 i - 4 potions of mutation
 o - 8 potions of lignification
 u - 4 potions of magic
 x - 2 potions of heal wounds
 z - 2 potions of resistance
 K - 7 potions of flight
 O - a potion of invisibility
 R - a potion of haste
 T - 3 potions of cancellation
 U - 3 potions of might
Miscellaneous
 m - a box of beasts
 C - a phantom mirror
 D - a lightning rod (4/4)
 W - a condenser vane


   Skills:
 + Level 16.4 Fighting
 - Level 14.0 Polearms
 - Level 1.3 Armour
 - Level 16.2 Dodging
 + Level 17.2 Stealth
 + Level 6.8 Shields
 - Level 10.0 Spellcasting
 - Level 9.2 Conjurations
 - Level 12.2 Summonings
 - Level 3.6 Fire Magic
 - Level 8.2 Ice Magic
 - Level 8.6 Air Magic
 + Level 5.3 Earth Magic
 - Level 7.2 Evocations


You had 3 spell levels left.
You knew the following spells:

 Your Spells              Type           Power      Damage    Failure   Level
a - Summon Small Mammal   Summ           100%       N/A       1%          1
b - Call Imp              Summ           70%        N/A       1%          2
c - Call Canine Familiar  Summ           70%        N/A       1%          3
d - Summon Lightning Spi  Summ/Air       64%        N/A       1%          4
e - Ensorcelled Hibernat  Hex/Ice        74%        N/A       1%          2
f - Blink                 Tloc           N/A        N/A       2%          2
g - Shadow Creatures      Summ           N/A        N/A       1%          6
h - Iron Shot             Conj/Erth      26%        9d6       12%         6
i - Fireball              Conj/Fire      25%        3d11      3%          5
j - Passwall              Tmut/Erth      24%        N/A       1%          2
k - Ozocubu's Armour      Ice            57%        N/A       1%          3

Your spell library contained the following spells:

 Spells                   Type           Power      Damage    Failure   Level
 Apportation              Tloc           28%        N/A       1%          1
 Beastly Appendage        Tmut           28%        N/A       1%          1
 Corona                   Hex            15%        N/A       1%          1
 Foxfire                  Conj/Fire      100%       2x1d9     1%          1
 Freeze                   Ice            100%       1d11      1%          1
 Magic Dart               Conj           100%       1d8       1%          1
 Shock                    Conj/Air       100%       1d9       1%          1
 Corpse Rot               Necr/Air       N/A        N/A       1%          2
 Searing Ray              Conj           100%       3d7       1%          2
 Conjure Flame            Conj/Fire      50%        6-21      1%          3
 Frozen Ramparts          Ice            100%       1d12      1%          3
 Mephitic Cloud           Conj/Pois/Air  47%        N/A       1%          3
 Summon Guardian Golem    Hex/Summ       48%        N/A       1%          3
 Slow                     Hex            14%        N/A       2%          2
 Sublimation of Blood     Necr           7%         N/A       2%          2
 Wereblood                Tmut           14%        N/A       2%          2
 Inner Flame              Hex/Fire       24%        N/A       2%          3
 Ignite Poison            Fire/Tmut/Pois 20%        N/A       3%          3
 Confusing Touch          Hex            14%        N/A       4%          3
 Lesser Beckoning         Tloc           7%         N/A       4%          3
 Portal Projectile        Hex/Tloc       28%        N/A       4%          3
 Spider Form              Tmut/Pois      7%         N/A       4%          3
 Tukima's Dance           Hex            14%        N/A       4%          3
 Hailstorm                Conj/Ice       58%        3d13      1%          4
 Summon Ice Beast         Ice/Summ       64%        N/A       1%          4
 Iskenderun's Battlesphe  Conj           60%        2d11      1%          5
 Fulminant Prism          Conj/Hex       19%        3d11      2%          4
 Iskenderun's Mystic Bla  Conj/Tloc      39%        2d9       2%          4
 Ice Form                 Ice/Tmut       37%        N/A       3%          4
 Bolt of Magma            Conj/Fire/Erth 23%        4d11      4%          5
 Leda's Liquefaction      Hex/Erth       14%        N/A       5%          4
 Conjure Ball Lightning   Conj/Air       29%        3x3d8     6%          6
 Silence                  Hex/Air        19%        N/A       8%          5
 Metabolic Englaciation   Hex/Ice        18%        N/A       9%          5
 Summon Hydra             Summ           35%        N/A       9%          7
 Animate Dead             Necr           7%         N/A       16%         4
 Dispel Undead            Necr           14%        3d10      16%         4
 Borgnjor's Vile Clutch   Necr/Erth      14%        N/A       16%         5
 Orb of Destruction       Conj           30%        9d11      30%         7
 Alistair's Intoxication  Tmut/Pois      9%         N/A       38%         5
 Blade Hands              Tmut           7%         N/A       38%         5
 Excruciating Wounds      Necr           7%         N/A       38%         5
 Manifold Assault         Tloc           14%        N/A       38%         5
 Yara's Violent Unravell  Hex/Tmut       7%         3d5       38%         5
 Simulacrum               Ice/Necr       18%        N/A       41%         6
 Statue Form              Tmut/Erth      19%        N/A       58%         6
 Death Channel            Necr           7%         N/A       91%         6
 Eringya's Noxious Bog    Tmut/Pois      7%         N/A       91%         6
 Invisibility             Hex            7%         N/A       91%         6
 Maxwell's Capacitive Co  Air            29%        ∞         95%         8
 Lehudib's Crystal Spear  Conj/Erth      26%        10d7      99%         8
 Borgnjor's Revivificati  Necr           7%         N/A       100%        8
 Disjunction              Tloc           7%         N/A       100%        8
 Necromutation            Tmut/Necr      7%         N/A       100%        8
 Fire Storm               Conj/Fire      25%        8d6       100%        9
 Shatter                  Erth           22%        3d19*     100%        9


Dungeon Overview and Level Annotations

Branches:
Dungeon (15/15)            Temple (1/1) D:4            Lair (6/6) D:8
 Shoals (4/4) Lair:3       Spider (4/4) Lair:3        Slime (0/5) Lair:5
    Orc (2/2) D:9             Elf (1/3) Orc:2        Vaults (2/5) D:14
 Depths (1/5) D:15         Bailey (visited)         Desolation (visited)
Gauntlet (visited)
  Crypt: Vaults:2-3

Altars:
Ashenzari
Cheibriados
Dithmenos
Elyvilon
Fedhas
Gozag
Hepliaklqana
Kikubaaqudgha
Makhleb
Nemelex Xobeh
Okawaru
Qazlal
Ru
Sif Muna
Trog
Uskayaw
Vehumet
Wu Jian
Xom
Yredelemnul
Zin
The Shining One
Beogh

Shops:
Orc:1 =   Orc:2 ?(*(*   Lair:5 :   Shoals:2 [*:[*   Shoals:3 [

Annotations:
D:5 Grinder
Lair:2 3 runed translucent doors, Puntidgh's ghost, journeyman DrAE
Lair:5 3 runed translucent doors, pkoi's ghost, journeyman DrAE


Innate Abilities, Weirdness & Mutations

((You are quick and stealthy near water. (Stealth+, EV+, Speed+++)))
Your lower body shifts to a powerful aquatic tail in water.


Message History

There is a stone staircase leading down here.
You climb downwards.
There is a stone staircase leading up here.
There is a stone staircase leading down here.
You climb downwards.
There is a stone staircase leading up here.
There is a stone staircase leading down here.
You climb downwards.
There is a stone staircase leading up here.
There is a stone staircase leading down here.
You climb downwards.
There is a stone staircase leading up here.
There is a stone staircase leading up here.
You see here a +0 hand axe.
There is a stone staircase leading down here.
You climb downwards.
There is a stone staircase leading up here.
Things that are here:
a +0 robe; a +0 dagger You see here a +0 flail.
There is a staircase to the Depths here.
You climb downwards.
Welcome back to the Depths!
The white very ugly thing trunk-slaps you.
The white very ugly thing freezes you!!!
The ettin closely misses you.
The ettin hits you with a +0 dire flail!
The white very ugly thing headbutts you!
The white very ugly thing freezes you!!!
* * * LOW HITPOINT WARNING * * *
The white very ugly thing trunk-slaps you but does no damage.
There is a staircase back to the Dungeon, spattered with blood here.
Unknown command.
The ettin barely misses you.
The ettin hits you with a +0 dire flail!
* * * LOW HITPOINT WARNING * * *
The white very ugly thing headbutts you!
* * * LOW HITPOINT WARNING * * *
The white very ugly thing freezes you!!
You die...
Your body crumbles into a pile of gold.

.≈≈≈≈≈≈≈.....##
..≈≈≈≈≈≈......#
.............#
#....!.....#
.##....Q.....#
......E.Q....#
......CC....#
.......@u..#
......u>.}.#
..#.........#
####.#.≈.## #.
#..# ## ..# ..#
### $


You could see 2 very ugly things, a stone giant, an ettin, a tengu warrior, a
water elemental and a tengu conjurer.

Vanquished Creatures
  Arachne (Spider:3)
  Rupert (D:12)
  Frances (Elf:1)
  Agnes (Spider:4)
  Gastronok (Lair:1)
  Kirke (D:12)
  A kraken (Shoals:4)
  Roxanne (D:15)
  2 frost giants
  An orc warlord (Vaults:2)
  An imperial myrmidon (Desolation)
  3 ghost moths
  3 emperor scorpions
  A fire giant (Vaults:2)
  2 vault wardens (Vaults:2)
  Aizul (Spider:2)
  4 ironbound preservers
  A very ugly thing (D:15)
  Nessos (D:15)
  A halazid warlock (Desolation)
  2 dire elephants
  3 entropy weavers
  A spark wasp (Spider:4)
  9 merfolk impalers
  3 merfolk javelineers (Shoals:4)
  2 fire dragons
  3 yaktaur captains (Vaults:2)
  A rakshasa (D:15)
  4 servants of whispers (Desolation)
  2 ironbound thunderhulks (Vaults:2)
  3 ragged hierophants (Desolation)
  2 peacekeepers (Desolation)
  Harold (D:9)
  An ogre mage (D:14)
  4 boulder beetles
  7 hydras
  Erica (Lair:2)
  3 merfolk aquamancers
  2 merfolk avatars (Shoals:4)
  4 ironbound frosthearts (Vaults:1)
  A catoblepas (Lair:6)
  3 centaur warriors (D:14)
  13 two-headed ogres
  2 satyrs
  8 death yaks
  4 ironbound beastmasters
  2 tengu warriors (D:13)
  5 orc high priests (Orc:2)
  Sonja (Orc:2)
  A deep elf knight (Elf:1)
  A swamp dragon (Lair:6)
  6 deep trolls
  A death drake (Gauntlet)
  7 ironbound convokers
  4 lindwurms
  3 wizards
  A lindwurm (shapeshifter) (D:15)
  7 orc knights
  Pikel (D:9)
  7 sea snakes
  A phantasmal warrior (Vaults:1)
  20 harpies
  4 orc sorcerers
  A deep elf zephyrmancer (Elf:1)
  21 wolf spiders
  5 orb spiders
  6 deep elf pyromancers
  3 oklob plants (Lair:2)
  17 ugly things
  18 fauns
  11 manticores
  4 moths of wrath
  4 cyclopes
  A guardian serpent (Desolation)
  6 black mambas
  10 vault sentinels
  4 water nymphs
  Maurice (D:12)
  5 torpor snails
  6 merfolk sirens
  19 cane toads
  6 rime drakes
  An unseen horror (D:13)
  8 yaktaurs
  4 kobold demonologists
  2 efreet
  A freezing wraith (D:14)
  9 komodo dragons
  10 demonic crawlers
  25 jumping spiders
  A queen bee (Spider:3)
  5 polar bears
  16 merfolk
  4 trolls
  2 nameless horrors
  8 blink frogs
  5 wind drakes
  5 hornets
  11 snapping turtles
  7 dream sheep
  26 saltlings (Desolation)
  22 slime creatures
  4 water elementals
  A meliai zombie (Gauntlet)
  A vampire (D:11)
  A ynoxinul (D:9)
  42 redbacks
  A tarantella (shapeshifter) (D:13)
  3 wyverns
  An air elemental (Elf:1)
  23 tarantellas
  6 basilisks
  A hog (D:12)
  A wraith (D:14)
  19 yaks
  2 steam dragons
  A golden eye (Gauntlet)
  A vampire mosquito (D:12)
  4 wargs
  19 water moccasins
  2 acid dragons
  A floating eye (Gauntlet)
  2 swamp drakes (Lair:6)
  2 ice beasts
  33 orc warriors
  A hornet zombie (Gauntlet)
  4 necrophages
  A sky beast (D:8)
  9 ogres
  9 black bears
  4 boggarts (Vaults:1)
  12 wolves
  21 centaurs
  A phantom (D:4)
  2 lemures (D:9)
  2 kobold brigands
  14 bullfrogs
  A gnoll sergeant (D:6)
  A wyvern zombie (D:6)
  6 scorpions
  12 killer bees
  11 electric eels
  6 howler monkeys
  9 centaur zombies
  A bullfrog zombie (D:6)
  32 orc priests
  A human zombie (D:9)
  A hound (D:6)
  Crazy Yiuf (D:3)
  2 gnoll shamans
  A jelly (Lair:5)
  A bullfrog skeleton (D:6)
  7 centaur skeletons
  26 orc wizards
  8 iguanas
  A hound zombie (D:5)
  3 mummies (D:9)
  4 howler monkey zombies (D:9)
  12 gnolls
  4 adders
  A shadow imp (D:3)
  An ufetubus (D:4)
  An adder skeleton (D:4)
  7 worms
  2 dart slugs (D:3)
  69 orcs
  2 bats (D:1)
  8 endoplasms
  3 giant cockroaches
  12 goblins
  8 hobgoblins
  17 kobolds
  6 quokkas
  2 ball pythons
  5 frilled lizards
  A quokka skeleton (D:4)
  5 rats
  3 tentacles
1065 creatures vanquished.

Vanquished Creatures (collateral kills)
  Bai Suzhen (Spider:4)
  2 ghost moths (Spider:4)
  2 imperial myrmidons (Desolation)
  2 emperor scorpions (Spider:4)
  4 very ugly things
  An ironbound preserver (Vaults:2)
  A minotaur (Gauntlet)
  A dire elephant (Lair:6)
  An entropy weaver (Vaults:2)
  A crystal guardian (Desolation)
  A fire dragon (D:15)
  A merfolk impaler (Shoals:4)
  A yaktaur captain (Vaults:2)
  A ragged hierophant (Desolation)
  An ironbound thunderhulk (Vaults:1)
  A servant of whispers (Desolation)
  2 peacekeepers (Desolation)
  A hydra (D:15)
  An ogre mage (D:15)
  A boulder beetle (Lair:6)
  A two-headed ogre (D:14)
  An ironbound frostheart (Vaults:2)
  3 centaur warriors
  A tengu warrior (D:15)
  A satyr (Shoals:3)
  A death yak (Lair:4)
  A skeletal warrior (D:14)
  2 sea snakes (Shoals:4)
  4 deep trolls
  2 ironbound convokers
  3 deep elf zephyrmancers (Elf:1)
  An orc knight (Orc:2)
  A harpy (Shoals:2)
  3 orb spiders
  2 cyclopes
  10 wolf spiders
  4 ugly things
  A shining eye (Gauntlet)
  An orc sorcerer (Bailey)
  5 slime creatures
  6 fauns
  An oklob plant (Lair:2)
  A guardian serpent (Desolation)
  A moth of wrath (Spider:3)
  A water nymph (Shoals:4)
  2 black mambas (Lair:6)
  2 vault sentinels (Vaults:1)
  A centaur skeleton (D:14)
  A yaktaur (D:14)
  A cane toad (Lair:5)
  A rime drake (Lair:6)
  2 demonic crawlers
  A tengu conjurer (D:15)
  8 merfolk
  3 hornets
  7 jumping spiders
  18 saltlings (Desolation)
  A snapping turtle (Shoals:4)
  A dream sheep (Lair:3)
  An air elemental (Elf:1)
  13 redbacks
  5 tarantellas
  A water elemental (Shoals:4)
  4 yaks
  A vampire (D:11)
  A basilisk (Lair:6)
  A wraith (D:12)
  A vampire mosquito (D:12)
  A water moccasin (D:5)
  2 nameless horrors
  3 orc warriors (Orc:2)
  A black bear (D:6)
  3 wolves (Lair:5)
  A centaur (D:13)
  A kobold brigand (D:4)
  2 orc priests
  A jelly (Lair:5)
  3 orc wizards
  3 gnolls (D:6)
  An adder (D:6)
  10 orcs
  2 goblins
  3 hobgoblins (Bailey)
  A frilled lizard (D:4)
  2 kobolds
202 creatures vanquished.

Vanquished Creatures (others)
  2 dancing weapons (Elf:1)
  An orb spider (Spider:3)
  6 ball lightnings
  12 demonic plants (Gauntlet)
  66 fungi
  3 pillars of salt (Elf:1)
  110 plants
  45 tentacles
245 creatures vanquished.

Grand Total: 1512 creatures vanquished

Notes
Turn   | Place    | Note
-------+----------+-------------------------------------------
     0 | D:1      | hikkokomori the Merfolk Summoner began the quest for the
                  | Orb.
     0 | D:1      | Reached XP level 1. HP: 13/13 MP: 3/3
   688 | D:1      | Reached XP level 2. HP: 17/20 MP: 1/5
  1824 | D:2      | Learned a level 2 spell: Call Imp
  2058 | D:2      | You fall into a shaft and drop 1 floor!
  2208 | D:2      | Reached skill level 1 in Fighting
  2208 | D:2      | Noticed a necrophage
  2243 | D:2      | Killed a necrophage
  2244 | D:2      | Reached skill level 3 in Stealth
  2244 | D:2      | Reached XP level 3. HP: 7/27 MP: 6/6
  2244 | D:2      | Reached XP level 4. HP: 9/33 MP: 7/7
  2476 | D:2      | Found a faded altar of an unknown god.
  2733 | D:3      | Reached XP level 5. HP: 38/38 MP: 8/8
  3104 | D:3      | Found a broken altar of Ashenzari.
  3275 | D:3      | Found a runed translucent door.
  3276 | D:3      | Noticed Crazy Yiuf
  3427 | D:3      | Found the +8 lance "Wyrmbane" {slay drac, rPois rF+ rC+
                  | AC+3}
  3603 | D:3      | Killed Crazy Yiuf
  3830 | D:4      | Reached skill level 1 in Polearms
  3860 | D:4      | Found a staircase to the Ecumenical Temple.
  3870 | Temple   | Entered the Ecumenical Temple
  4014 | Temple   | Became a worshipper of Gozag Ym Sagoz the Greedy
  4060 | D:4      | Noticed a necrophage
  4069 | D:4      | Killed a necrophage
  4070 | D:4      | Reached skill level 4 in Stealth
  4070 | D:4      | Reached XP level 6. HP: 38/46 MP: 9/9
  4137 | D:4      | Reached skill level 5 in Summonings
  4242 | D:4      | Reached skill level 5 in Dodging
  4453 | D:4      | Reached XP level 7. HP: 52/52 MP: 6/10
  4716 | D:4      | Found a sacrificial altar of Ru.
  4957 | D:4      | Found a shimmering altar of Xom.
  4959 | D:4      | Found an iron altar of Okawaru.
  4959 | D:4      | Found a stormy altar of Qazlal.
  4962 | D:4      | Found a stormy altar of Qazlal.
  4962 | D:4      | Found a hazy altar of Hepliaklqana.
  4962 | D:4      | Found a basalt altar of Yredelemnul.
  4980 | D:5      | Entered Level 5 of the Dungeon
  5029 | D:5      | Reached skill level 5 in Stealth
  5108 | D:5      | Reached XP level 8. HP: 60/60 MP: 8/11
  5262 | D:5      | Noticed Grinder
  5326 | D:6      | Reached skill level 5 in Polearms
  5491 | D:6      | Learned a level 3 spell: Call Canine Familiar
  5765 | D:6      | Reached skill level 6 in Stealth
  5775 | D:6      | Reached skill level 5 in Fighting
  5949 | D:6      | Reached XP level 9. HP: 68/68 MP: 6/12
  6266 | D:7      | Found a stormy altar of Qazlal.
  6741 | D:7      | Found a white marble altar of Elyvilon.
  6777 | D:7      | Reached skill level 7 in Stealth
  7198 | D:8      | Noticed a komodo dragon
  7335 | D:8      | Found a hide-covered altar of Uskayaw.
  7345 | D:8      | Noticed a +0 dagger
  7345 | D:8      | Noticed a +0 hand axe
  7388 | D:8      | Found a glowing silver altar of Zin.
  7499 | D:8      | Killed a komodo dragon
  7500 | D:8      | Reached XP level 10. HP: 72/77 MP: 1/13
  7521 | D:8      | Reached skill level 8 in Stealth
  7623 | D:8      | Found a staircase to the Lair.
  8047 | D:8      | Identified the -3 tower shield of Jebb {rF+ Will- Regen+
                  | Int+4}
  8435 | D:8      | Learned a level 4 spell: Summon Lightning Spire
  8436 | Lair:1   | Entered Level 1 of the Lair of Beasts
  8436 | Lair:1   | Noticed a cane toad
  8499 | D:9      | Noticed Pikel
  8513 | D:9      | Killed Pikel
  8514 | D:9      | Reached skill level 1 in Air Magic
  8792 | D:9      | Found a bloodstained altar of Trog.
  8804 | D:9      | Found a shimmering blue altar of Sif Muna.
  8825 | D:9      | Got Sif Muna's Handbook of the Volcanoes
  9370 | D:9      | Noticed a two-headed ogre
  9398 | D:9      | Reached skill level 10 in Polearms
  9398 | D:9      | Reached XP level 11. HP: 61/86 MP: 14/14
  9598 | D:9      | Noticed Harold
  9626 | D:9      | Killed Harold
  9898 | D:9      | Found an ancient bone altar of Kikubaaqudgha.
  9951 | D:9      | Found an ornate altar of the Wu Jian Council.
 10002 | D:9      | Killed a two-headed ogre
 10194 | D:9      | Found a snail-covered altar of Cheibriados.
 10274 | D:9      | Found a staircase to the Orcish Mines.
 10288 | D:9      | Learned a level 2 spell: Ensorcelled Hibernation
 10290 | Orc:1    | Entered Level 1 of the Orcish Mines
 10295 | Orc:1    | Found Acuaj's Jewellery Shop.
 10308 | Orc:1    | Bought an amulet of reflection for 330 gold pieces
 10615 | Orc:1    | Reached skill level 1 in Ice Magic
 10878 | Orc:2    | Entered Level 2 of the Orcish Mines
 10894 | Orc:2    | Noticed a cyclops
 10917 | Orc:2    | Killed a cyclops
 11218 | D:10     | Entered Level 10 of the Dungeon
 11221 | D:10     | Identified a scroll of acquirement
 11221 | D:10     | Acquired the ring of Yesterday {Wiz Int+4 Dex+2}
 11280 | D:10     | Identified the +0 robe of the Burnt Stag {*Corrode rPois
                  | Regen+ Slay+5}
 11321 | D:10     | Found a flagged portal.
 11376 | Bailey   | Entered a bailey
 11614 | Bailey   | Noticed an orc sorcerer
 11633 | Bailey   | Killed an orc sorcerer
 11652 | Bailey   | Found an iron altar of Okawaru.
 11865 | Bailey   | Noticed an orc knight
 11882 | Bailey   | Killed an orc knight
 11997 | Bailey   | Noticed an orc knight
 12013 | Bailey   | Killed an orc knight
 12029 | Bailey   | Acquired the +2 hat "Lyigam" {rPois Will+}
 12097 | D:10     | Noticed a two-headed ogre
 12112 | D:10     | Killed a two-headed ogre
 12228 | D:10     | Found a hazy altar of Hepliaklqana.
 12671 | D:11     | Reached XP level 12. HP: 94/94 MP: 18/18
 12758 | D:11     | Noticed a two-headed ogre
 12767 | D:11     | Killed a two-headed ogre
 12768 | D:11     | Reached skill level 10 in Summonings
 12827 | D:11     | Reached skill level 5 in Air Magic
 12917 | D:11     | Noticed an eight-headed hydra
 12926 | D:11     | Killed an eight-headed hydra
 13306 | D:11     | Noticed a two-headed ogre
 13318 | D:11     | Killed a two-headed ogre
 13319 | D:11     | Reached skill level 5 in Ice Magic
 13473 | D:11     | Noticed a boulder beetle
 13494 | D:11     | Killed a boulder beetle
 13495 | D:11     | Reached skill level 5 in Spellcasting
 13989 | Lair:1   | Learned a level 2 spell: Blink
 13996 | Lair:1   | Learned a level 6 spell: Shadow Creatures
 14549 | Lair:1   | Noticed Gastronok
 14561 | Lair:1   | Killed Gastronok
 14803 | Lair:1   | Reached XP level 13. HP: 99/99 MP: 22/22
 15107 | Lair:2   | Found a blossoming altar of Fedhas.
 15463 | Lair:2   | Noticed Puntidgh's ghost (journeyman DrAE)
 15467 | Lair:2   | Noticed a minotaur
 15528 | Lair:2   | Found a runed translucent gate.
 15529 | Lair:2   | Found a runed translucent gate.
 15530 | Lair:2   | Found a runed translucent gate.
 15553 | Lair:2   | Noticed Erica
 15570 | Lair:2   | Killed Erica
 16167 | Lair:3   | Found a staircase to the Shoals.
 16232 | Lair:3   | Found a hole to the Spider Nest.
 16819 | Lair:3   | Found a shimmering altar of Xom.
 17701 | Lair:5   | Identified the +7 falchion "Icsatoe" {spect, rElec Str+3
                  | Int+4}
 18031 | Lair:5   | Bought the Guide on Bewitchment and Battle Magic for 850
                  | gold pieces
 18031 | Lair:5   | Bought a manual of Stealth for 1360 gold pieces
 18135 | Lair:5   | Found a runed translucent gate.
 18135 | Lair:5   | Found a runed translucent gate.
 18135 | Lair:5   | Found a runed translucent gate.
 18161 | Lair:5   | Noticed pkoi's ghost (journeyman DrAE)
 18194 | Lair:5   | Reached skill level 9 in Stealth
 18260 | Lair:5   | Found a staircase to the Slime Pits.
 18272 | Lair:5   | Reached skill level 10 in Dodging
 18606 | Lair:6   | Entered Level 6 of the Lair of Beasts
 18634 | Lair:6   | Reached XP level 14. HP: 99/108 MP: 25/25
 18881 | Lair:6   | Reached skill level 10 in Stealth
 19006 | Lair:6   | Reached skill level 10 in Fighting
 19172 | Lair:6   | Found the +3 warlock's mirror {reflect}
 19191 | Lair:6   | Reached skill level 11 in Stealth
 20168 | Lair:6   | Noticed a dire elephant
 20199 | Lair:6   | Killed a dire elephant
 20200 | Lair:6   | Reached skill level 12 in Stealth
 21018 | Orc:2    | Found a staircase to the Elven Halls.
 21053 | Orc:2    | Reached skill level 1 in Shields
 21066 | Orc:2    | Found Ruskydaf's Antique Weapon Boutique.
 21066 | Orc:2    | Found Naroweh's Assorted Antiques.
 21066 | Orc:2    | Found Tuen's General Store.
 21140 | Orc:2    | Found Wupeq Paderr's Antique Weapon Shop.
 21198 | Orc:2    | Bought a potion of heal wounds for 75 gold pieces
 21198 | Orc:2    | Bought a potion of lignification for 45 gold pieces
 21200 | Orc:2    | Bought a wavering lead ring for 135 gold pieces
 21200 | Orc:2    | Identified the ring "Fyumydav" {Fire Int+3} (You bought it
                  | in a shop on level 2 of the Orcish Mines)
 21200 | Orc:2    | Bought a scroll of identify for 54 gold pieces
 21200 | Orc:2    | Bought a scroll of identify for 54 gold pieces
 21310 | Orc:2    | Noticed Sonja
 21456 | Orc:2    | Killed Sonja
 21541 | Orc:2    | Reached XP level 15. HP: 95/118 MP: 26/26
 22122 | D:12     | Noticed Rupert
 22156 | D:12     | Killed Rupert
 22157 | D:12     | Reached skill level 13 in Stealth
 22423 | D:12     | Noticed Maurice
 22433 | D:12     | Killed Maurice
 22539 | D:12     | Noticed Kirke
 22552 | D:12     | Killed Kirke
 22952 | D:13     | Found a gate leading to a gauntlet.
 22965 | Gauntlet | Entered a Gauntlet
 22965 | Gauntlet | Found a transporter.
 22965 | Gauntlet | Found a transporter.
 22969 | Gauntlet | Found a transporter.
 22969 | Gauntlet | Found a transporter.
 22984 | Gauntlet | Found a transporter.
 22997 | Gauntlet | Found a transporter.
 22997 | Gauntlet | Found a transporter.
 23001 | Gauntlet | Found a transporter.
 23002 | Gauntlet | Found the necklace of Bloodlust {*Rage +Rage Will++ Int-3
                  | Slay+6}
 23056 | Gauntlet | Found a transporter.
 23111 | Gauntlet | Found a transporter.
 23139 | Gauntlet | Paralysed by a hornet for 2 turns
 23188 | Gauntlet | Found a transporter.
 23198 | Gauntlet | Found a transporter.
 23276 | Gauntlet | Identified the +3 war axe of the Glimmering King {vorpal,
                  | Will+ Dex+2 Stlth+}
 23467 | Gauntlet | Identified the +1 fire dragon scales of the Gate {+Blink
                  | +Inv rF++ rC- rN+}
 23510 | D:13     | Found a radiant altar of Vehumet.
 23642 | D:13     | Learned a level 6 spell: Conjure Ball Lightning
 24155 | D:14     | Reached skill level 1 in Conjurations
 24405 | D:14     | Reached skill level 14 in Stealth
 24748 | D:14     | Found a gate to the Vaults.
 24857 | D:14     | Reached skill level 5 in Shields
 25105 | D:15     | Entered Level 15 of the Dungeon
 25184 | D:15     | Noticed Nessos
 25203 | D:15     | Killed Nessos
 25396 | D:15     | Reached XP level 16. HP: 112/127 MP: 21/28
 25400 | D:15     | Found a staircase to the Depths.
 25540 | D:15     | Reached skill level 15 in Stealth
 26022 | D:15     | Noticed Roxanne
 26284 | Shoals:1 | Entered Level 1 of the Shoals
 26488 | Shoals:1 | Reached skill level 1 in Evocations
 27166 | Shoals:2 | Found Win Seifo's General Store.
 27244 | Shoals:2 | Found Qatobb's Specific Store.
 27295 | Shoals:2 | Bought a scroll of identify for 24 gold pieces
 27364 | Shoals:2 | Noticed a kraken
 27403 | Shoals:2 | HP: 3/129 [tentacle[a kraken] (21)]
 27628 | Shoals:2 | Bought a glowing cloak for 180 gold pieces
 27802 | Shoals:2 | Reached skill level 1 in Armour
 28296 | Spider:1 | Entered Level 1 of the Spider Nest
 28322 | Spider:1 | Reached skill level 5 in Conjurations
 29367 | Spider:2 | Reached XP level 17. HP: 132/137 MP: 19/30
 29739 | Spider:2 | Noticed Aizul
 29756 | Spider:2 | Killed Aizul
 30024 | Spider:2 | Identified the ring "Qewkon" {Will+ Int+3}
 30827 | Spider:2 | HP: 3/137 [emperor scorpion (38)]
 30847 | Spider:2 | Reached skill level 5 in Evocations
 30986 | Spider:3 | Noticed Arachne
 31566 | Spider:3 | Killed Arachne
 32062 | Spider:4 | Entered Level 4 of the Spider Nest
 32066 | Spider:4 | Noticed Bai Suzhen
 32090 | Spider:4 | Killed Bai Suzhen
 32577 | Spider:4 | Noticed Agnes
 32599 | Spider:4 | Killed Agnes
 33593 | Spider:4 | Reached XP level 18. HP: 117/146 MP: 1/31
 33848 | Spider:4 | Got a gossamer rune of Zot
 34480 | Shoals:2 | Learned a level 5 spell: Fireball
 35145 | Shoals:3 | Found Buinie's Armour Emporium.
 35182 | Shoals:3 | Bought a +0 pair of boots of rampaging for 184 gold pieces
 35373 | Shoals:3 | Reached skill level 1 in Fire Magic
 35901 | Shoals:4 | Entered Level 4 of the Shoals
 36059 | Shoals:4 | Reached skill level 15 in Dodging
 36730 | Shoals:4 | Identified the ring "Ojuazoesh" {+Blink rF+}
 37354 | Shoals:4 | Identified the +7 war axe of the Tired Places {flame,
                  | *Corrode Int+3 Dex+4}
 37438 | Shoals:4 | Identified the +8 great mace "Nuympal" {vorpal, Will++}
 37514 | Shoals:4 | Reached skill level 15 in Fighting
 37960 | Shoals:4 | Got Sif Muna's Incunabulum of Ice and the Mountains
 38096 | Shoals:4 | Got a barnacled rune of Zot
 38346 | Elf:1    | Entered Level 1 of the Elven Halls
 38354 | Elf:1    | Paralysed by an air elemental for 1 turns
 38522 | Elf:1    | Found a crumbling gateway.
 38534 | Desolati | Entered the Desolation of Salt
 38543 | Desolati | Learned a level 6 spell: Iron Shot
 38886 | Desolati | Reached skill level 1 in Earth Magic
 39042 | Desolati | Reached XP level 19. HP: 131/155 MP: 23/32
 39191 | Desolati | Found the +10 morningstar "Eos" {elec, Halo rElec}
 39298 | Desolati | Got the Almanac of Intoxication and Weightlessness
 39319 | Desolati | Got Fet Xojy's Handbook of the Flying Mountains
 39324 | Desolati | Identified the ring "Plog" {rElec rC- Str+4 Int+6 Dex-2}
 39332 | Desolati | Learned a level 2 spell: Passwall
 39486 | Desolati | Got the Collected Works on Bewitchment and Heat
 39492 | Desolati | Identified the +8 hand crossbow of the Whelk {flame, rC+
                  | Str+5 Stlth+}
 39831 | Desolati | Got Arphocsoje's Collected Works on Quantum Stolen Souls
 40151 | Elf:1    | Noticed Frances
 40201 | Elf:1    | Killed Frances
 40584 | Orc:2    | Bought a scroll of blinking for 127 gold pieces
 40584 | Orc:2    | Bought a scroll of acquirement for 884 gold pieces
 40584 | Orc:2    | Acquired the +3 pair of gauntlets of War {Slay+5}
 40584 | Orc:2    | Found the +3 pair of gauntlets of War {Slay+5}
 40819 | Vaults:1 | Entered Level 1 of the Vaults
 42579 | Vaults:1 | Reached skill level 16 in Stealth
 44285 | Vaults:2 | Reached skill level 10 in Spellcasting
 44584 | Vaults:2 | Reached skill level 5 in Earth Magic
 44846 | Vaults:2 | Reached skill level 17 in Stealth
 44971 | Vaults:2 | Reached XP level 20. HP: 144/166 MP: 34/34
 45326 | Depths:1 | Entered Level 1 of the Depths
 46236 | D:15     | Killed Roxanne
 46736 | Shoals:2 | Bought a book of Winter for 442 gold pieces
 46740 | Shoals:2 | Learned a level 3 spell: Ozocubu's Armour
 47044 | Depths:1 | HP: 7/166 [white very ugly thing (11)]
 47044 | Depths:1 | Annihilated by a white very ugly thing

Illustrated notes

Levels and vault maps discovered:
D:1:      dpeg_arrival_orchard, layout_basic
D:2:      layout_loops_ring, shapermc_ecumenical_altar_mp_ritualfount,
          supply_closet_lemuel, amcnicky_mini_pool_small,
          chequers_serial_rivers_micro_c
D:3:      minmay_octagon_keep, layout_basic, ashenzari_altar_1,
          uniq_crazy_yiuf_cottage
D:4:      layout_loops_cross, nicolae_ru_sacrificial_ziggurat,
          doesnt_xom_only_xom, minmay_temple_entry_statues_pillars,
          lexackson_kobold_supper
D:5:      layout_rooms, dk_vineyard_2, minmay_misc_feat_encased, st_stairs_11,
          uniq_grinder
D:6:      layout_basic
D:7:      layout_gridville, mainiacjoe_overflow_brackets, old_standard_altar
D:8:      layout_loops_ring, dancing_weapons_uskayaw, zin_statuary,
          due_lair_maze_entry_diamond, minmay_misc_feat_plants, minivault_5
D:9:      layout_big_octagon, nzn_overflow_gifts_of_might_and_magic,
          slow_altar_2, lemuel_mausoleum_altar_kikubaaqudgha,
          nicolae_wu_jian_immortal_techniques, david_orc_4, uniq_harold,
          uniq_pikel
D:10:     layout_roguey, mainiacjoe_overflow_boulevard, enter_bailey_5,
          item_on_display_a
D:11:     layout_basic
D:12:     layout_grid_maze, uniq_rupert, uniq_kirke, uniq_maurice
D:13:     layout_rooms, gauntlet_entry_generic, nicolae_vehumet_radiance
D:14:     layout_basic, hangedman_vaults_entry_quadrant_bands
D:15:     grunt_enter_depths_hoard, layout_irregular_city, uniq_nessos,
          uniq_roxanne
Temple:   nicolae_temple_figure_zero
Lair:1:   beast_lair_carwin_large_1, layout_layer_cave, uniq_gastronok
Lair:2:   layout_cellular_growth, maelrawn_ghost_gauntlet_escape,
          lemuel_centaur_altar, minmay_lair_oklob_chamber, serial_bayou_shore_a,
          serial_bayou_shore_b, infiniplex_staircase_pool, uniq_erica
Lair:3:   layout_loops_ring, minmay_shoals_entry_lonely_mermaid,
          spider_nest_entry_web_field, basic_altar, lemuel_fruit_tree
Lair:4:   layout_cave_shapes, fungi_pond_lemuel, minivault_27
Lair:5:   layout_gridlike, minmay_slime_entry_pillars,
          gammafunk_ghost_hydra_chop
Lair:6:   hangedman_lair_in_review, layout_regular_city,
          guppyfry_lair_end_dragon, serial_bayou_pond_e
Shoals:1: layout_shoals, nicolae_shoals_dead_sea_scrolls
Shoals:2: cheibrodos_shoals_roost, layout_shoals, nicolae_specific_store
Shoals:3: cheibrodos_shoals_satyrical_garden, layout_shoals, serial_shops,
          shop_statue, nicolae_shoals_loop_pool
Shoals:4: shoals_end_grunt_ice, layout_shoals
Spider:1: layout_spider_delve, hangedman_spider_mandibles,
          nicolae_spider_webbed_stairs
Spider:2: layout_spider_delve, nicolae_spider_checkerboard, uniq_aizul
Spider:3: layout_spider_delve, hive_lemuel, uniq_arachne
Spider:4: spider_rune_water, uniq_bai_suzhen, uniq_agnes
Orc:1:    layout_caves, basic_altar, serial_shops, nicolae_shop_waterfront,
          minmay_shop_enchanted_jewellery, nicolae_orc_crystal_geode
Orc:2:    st_orc_mages, layout_caves, basic_altar, kennysheep_orc_chapel,
          uniq_sonja
Elf:1:    nicolae_elf_arrival_aired_out, layout_onion_city,
          serial_hangedman_research, hangedman_research_thanatology,
          hangedman_research_convocations, hangedman_research_pyrotechnics,
          hangedman_research_metamorphosis, portal_desolation_entry_garden,
          minivault_28, uniq_frances
Vaults:1: nicolae_vaults_network_barrier, nicolae_vaults_hallways_thing,
          dpeg_vaults_monster_box, v_misc_31, nicolae_vaults_alarming,
          ontoclasm_vaults_hangar, ontoclasm_vaults_ring_square,
          layout_vaults_omnigrid
Vaults:2: nicolae_vaults_inception_scallops, vaults_dpeg_diagonal, v_rooms_6,
          v_misc_3, nicolae_vaults_little_squares_1, v_rooms_2,
          hangedman_vaults_maws, nicolae_vaults_network_square, v_misc_14,
          vaults_dpeg_cross, vaults_mumra_minichess, vaults_dpeg_hooks,
          ontoclasm_vaults_pinch, layout_vaults_maze
Depths:1: layout_cave_pools, grunt_metal_band, minmay_misc_feat_rows,
          kennysheep_generic_room_6, uniq_sojobo

Skill      XL: |  1  2  3  4  5  6  7  8  9 10 11 12 13 14 15 16 17 18 19 |
---------------+----------------------------------------------------------+-----
Dodging        | 3 4 5 7 8 9 10 12 14 15 16 | 16.2
Fighting       | 2 3 4 5 6 8 9 11 12 13 14 15 16 | 16.4
Stealth        | 3 4 5 6 7 8 9 12 14 15 17 | 17.2
Polearms       | 1 2 4 6 8 10 11 13 14 | 14.0
Summonings     | 5 6 7 8 9 11 12 | 12.2
Air Magic      | 2 4 6 7 8 |  8.6
Ice Magic      | 4 6 8 |  8.2
Spellcasting   | 4 6 7 8 9 10 | 10.0
Shields        | 2 5 6 |  6.8
Conjurations   | 3 5 7 8 9 |  9.2
Evocations     | 4 6 7 |  7.2
Armour         | 1 |  1.3
Fire Magic     | 3 |  3.6
Earth Magic    | 1 5 |  5.3

Action                   |  1- 3 |  4- 6 |  7- 9 | 10-12 | 13-15 | 16-18 | 19-21 || total
-------------------------+-------+-------+-------+-------+-------+-------+-------++-------
Melee: Dagger            |    76 |    36 |       |       |       |       |       ||   112
       Unarmed           |     6 |       |       |       |       |       |       ||     6
       Lance             |       |    40 |   281 |   663 |  1228 |  1715 |   886 ||  4813
       Tailslap          |       |       |       |     1 |    17 |    38 |       ||    56
 Cast: Summon Small Mamm |     2 |     1 |       |       |       |       |       ||     3
       Call Imp          |       |     4 |    28 |     6 |       |       |       ||    38
       Call Canine Famil |       |       |     6 |    17 |     1 |     6 |       ||    30
       Summon Lightning  |       |       |       |    13 |    15 |    28 |     2 ||    58
       Shadow Creatures  |       |       |       |     2 |    46 |    89 |    52 ||   189
       Ensorcelled Hiber |       |       |       |     1 |       |       |       ||     1
       Blink             |       |       |       |       |     4 |    11 |     6 ||    21
       Conjure Ball Ligh |       |       |       |       |       |     2 |       ||     2
       Fireball          |       |       |       |       |       |    20 |       ||    20
       Ozocubu's Armour  |       |       |       |       |       |       |     2 ||     2
Invok: Call Merchant     |       |       |       |       |     1 |     3 |     1 ||     5
       Potion Petition   |       |       |       |       |       |     2 |     3 ||     5
Evoke: Lightning rod     |       |       |       |     8 |     6 |     5 |       ||    19
       Wand              |       |       |       |       |       |     2 |       ||     2
       Box of beasts     |       |       |       |       |       |     1 |       ||     1
       Condenser vane    |       |       |       |       |       |     1 |       ||     1
  Use: Scroll            |     7 |       |       |     9 |    18 |    13 |     6 ||    53
       Potion            |     1 |       |     1 |     1 |     2 |    11 |     1 ||    17
 Stab: Sleeping          |     2 |     5 |     9 |    26 |    33 |    21 |    14 ||   110
       Distracted        |       |       |     6 |    11 |    20 |    29 |    10 ||    76
       Confused          |       |       |       |       |     1 |     2 |       ||     3
       Held in net/web   |       |       |       |       |       |     5 |       ||     5
       Paralysed         |       |       |       |       |       |     1 |       ||     1
       Invisible         |       |       |       |       |       |       |     1 ||     1
       Petrified         |       |       |       |       |       |       |     8 ||     8
       Petrifying        |       |       |       |       |       |       |     1 ||     1
Armor: Robe              |    16 |     9 |    40 |    59 |   161 |   171 |    76 ||   532
Dodge: Dodged            |    55 |    38 |   154 |   197 |   357 |   697 |   215 ||  1713
Block: Other             |       |       |       |    30 |    74 |       |       ||   104
       Reflection        |       |       |       |     2 |    57 |    65 |    25 ||   149
       Buckler           |       |       |       |       |   157 |   670 |   231 ||  1058
